 Dungeon Crawl Stone Soup version 0.18.1-6-gd335043 (webtiles) character file.

142763 manyhoops the Executioner (level 17, 0/168 HPs)
             Began as a Hill Orc Fighter on May 20, 2016.
             Was the Champion of Ru.
             Slain by a thorn hunter (15 damage)
             ... on level 3 of the Swamp.
             The game lasted 01:34:26 (41598 turns).

manyhoops the Executioner (Hill Orc Fighter)       Turns: 41598, Time: 01:34:27

Health: 0/168      AC: 28    Str: 26    XL:     17   Next: 36%
Magic:  11/15      EV:  0    Int:  8    God:    Ru [******]
Gold:   1906       SH:  0    Dex:  8    Spells: 0 memorised, 16 levels left

rFire  . . .     SeeInvis .     O - +1 hand axe (flame)
rCold  + . .     Gourm    +     N - +0 plate armour
rNeg   . . .     Faith    .     (no shield)
rPois  .         Spirit   .     W - +2 helmet
rElec  .         Dismiss  .     b - +2 cloak
rCorr  .         Reflect  .     P - +2 pair of gloves
SustAt +         Harm     .     (no boots)
MR     +....                    u - amulet of the gourmand
Stlth  ..........               V - ring of sustain attributes
                                r - ring of protection from cold

@: lethally poisoned (0 -> -3), exhausted, drained, somewhat resistant to
hostile enchantments, extremely unstealthy
A: clumsy 1, low mp 1, no stealth, inability to train dodging, no charms magic,
no earth magic, no transmutations magic, reduced EV 3
a: Draw Out Power, Power Leap, Apocalypse, Renounce Religion


You were on level 3 of the Swamp.
You worshipped Ru.
Ru was exalted by your worship.
You were not hungry.

You visited 4 branches of the dungeon, and saw 29 of its levels.
You also visited: Ossuary and Volcano.

You collected 2551 gold pieces.
You spent 645 gold pieces at shops.

Inventory:

Hand Weapons
 F - a +0 battleaxe of venom
 O - a +1 hand axe of flaming (weapon)
Armour
 b - a +2 cloak (worn)
 e - a +0 hat of see invisible
 f - a +1 chain mail of magic resistance
 N - a +0 plate armour (worn)
 P - a +2 pair of gloves (worn)
 W - a +2 helmet (worn)
Jewellery
 r - a ring of protection from cold (left hand)
 u - an amulet of the gourmand (around neck)
 Q - an uncursed ring of flight
 V - a ring of sustain attributes (right hand)
Wands
 l - a wand of disintegration (12/24)
 x - a wand of iceblast (4/15)
 H - a wand of teleportation (9/9)
 I - a wand of lightning (10/15)
 T - a wand of iceblast (11/15)
Scrolls
 a - 3 scrolls of identify
 o - 2 scrolls of fear
 q - 3 scrolls of enchant weapon
 s - 3 scrolls of torment
 t - 3 scrolls of blinking
 y - 3 scrolls of recharging
 D - 4 scrolls of enchant armour
 J - 4 scrolls of magic mapping
 L - 11 scrolls of teleportation
 Z - 6 scrolls of remove curse
Potions
 c - a potion of resistance
 d - 4 potions of agility
 g - 6 potions of haste
 h - 4 potions of curing
 m - 3 potions of flight
 v - 3 potions of cancellation
 M - a potion of invisibility
 R - a potion of ambrosia
 S - 3 potions of heal wounds
Books
 j - a Young Poisoner's Handbook

   Spells                             Type                      Level
   a - Sting                          Conjuration/Poison           1
   b - Cure Poison                    Poison                       2
   c - Mephitic Cloud                 Conjuration/Poison/Air       3
   d - Olgreb's Toxic Radiance        Poison                       4
   e - Venom Bolt                     Conjuration/Poison           5
 k - a book of Summonings

   Spells                             Type                      Level
   a - Recall                         Summoning/Translocation      3
   b - Aura of Abjuration             Summoning                    5
   c - Summon Demon                   Summoning                    5
   d - Summon Forest                  Summoning/Translocation      5
   e - Summon Mana Viper              Hexes/Summoning              5
   f - Shadow Creatures               Summoning                    6
 w - a book of the Sky

   Spells                             Type                      Level
   a - Summon Lightning Spire         Summoning/Air                4
   b - Airstrike                      Air                          4
   c - Silence                        Hexes/Air                    5
   d - Deflect Missiles               Charms/Air                   6
   e - Conjure Ball Lightning         Conjuration/Air              6
   f - Tornado                        Air                          9
Miscellaneous
 A - a disc of storms
Comestibles
 i - a meat ration
 n - 2 bread rations
 p - 6 fruits
 K - 13 royal jellies


   Skills:
 + Level 19.6(18.7) Fighting
 - Level 23.0(22.1) Axes
 * Level 17.0(16.1) Armour
   Level 3.2(2.7) Shields
 - Level 1.0(0.4) Evocations


You had 16 spell levels left.
You didn't know any spells.

Dungeon Overview and Level Annotations

Branches:
Dungeon (15/15)            Temple (0/1) D:5            Lair (8/8) D:8
  Swamp (4/4) Lair:6        Snake (0/4) Lair:6        Slime (0/6) Lair:7
    Orc (2/2) D:10            Elf (0/3) Orc:2        Vaults (0/5) D:13
 Depths (0/5) D:15

Altars:
Dithmenos
Gozag
Nemelex Xobeh
Okawaru
Pakellas
Ru
Sif Muna
Vehumet
Xom
Yredelemnul
The Shining One
Beogh
Jiyva

Shops:
D:6 ?   D:10 *   D:11 (   Orc:2 (:*%(

Annotations:
D:5 Prince Ribbit


Innate Abilities, Weirdness & Mutations

You are clumsy. (Dex -2)
Your magical capacity is low (-10% MP).
You cannot be stealthy.
You cannot train Dodging skill.
You cannot study or cast Charms magic.
You cannot study or cast Earth magic.
You cannot study or cast Transmutations magic.
You have very slow reflexes. (EV -9)


Message History

The thorn hunter is severely damaged.
You feel sick. The thorn hunter hits you.
The thorn hunter hits you but does no damage.
You barely miss the thorn hunter.
The thorn hunter is severely damaged.
The thorn hunter fires a volley of thorns at you.
The volley of thorns hits you!
* * * LOW HITPOINT WARNING * * *
You hit the thorn hunter. You burn the thorn hunter.
The thorn hunter is severely damaged.
You feel sick.
You hit the thorn hunter but do no damage.
The thorn hunter is severely damaged.
The thorn hunter fires a volley of thorns at you.
The volley of thorns hits you!
* * * LOW HITPOINT WARNING * * *
You closely miss the thorn hunter.
The thorn hunter is severely damaged.
You feel sick. The thorn hunter hits you!
You die... .≈≈≈ PPP ♣ PPP

P♣ ..♣ .♣
♣....♣♣
♣.♣≈♣.♣
♣...≈.♣
♣@≈...♣
♣f≈......
≈†.......
.....###.#
..≈.... .
.≈....#..
≈§.≈...#..#
..≈♣....####


You could see a thorn hunter.

Vanquished Creatures
  Rupert (D:15)
  Gastronok (D:8)
  Maud (Lair:6)
  A stone giant (Orc:2)
  A dire elephant (Lair:6)
  The ghost of WereVolvo the Grappler, a journeyman DrTm of Okawaru (Lair:5)
  2 vault guards (D:13)
  Josephine (D:10)
  Erica (D:10)
  A ghost crab (Swamp:1)
  17 hydras
  4 centaur warriors
  9 alligators
  Erolcha (D:12)
  A catoblepas (D:15)
  3 tengu warriors
  4 death yaks
  Urug (Lair:3)
  An orc high priest (Orc:2)
  3 skeletal warriors (D:14)
  Nergalle (D:10)
  4 unseen horrors
  2 shambling mangroves
  Pikel (D:6)
  7 swamp dragons
  7 hill giants
  A lindwurm (shapeshifter) (D:15)
  9 orc sorcerers
  2 orc knights
  A wolf spider zombie (D:13)
  A wolf spider (D:15)
  2 wizards
  4 deep elf magi
  2 griffons
  5 ugly things
  A salamander (shapeshifter) (D:13)
  2 hornets (Swamp:3)
  3 cyclopes (D:15)
  31 elephants
  3 manticores
  2 centaur zombies
  5 black mambas
  Maurice (D:8)
  37 spiny frogs
  2 gargoyles
  6 komodo dragons
  4 rime drakes
  An efreet (D:14)
  4 trolls
  5 polar bears
  The ghost of M4edhros the Cleaver, an amateur MiBe of Trog (Ossuary)
  5 giant leeches
  2 two-headed ogres
  39 blink frogs
  A boulder beetle (Lair:6)
  8 slime creatures
  3 bog bodies
  Sigmund (D:3)
  A centaur simulacrum (D:14)
  2 spriggans (Lair:6)
  4 shadows
  3 wyverns
  7 wraiths
  48 yaks
  2 vampires
  Grum (D:8)
  6 hippogriffs
  12 vampire mosquitoes
  2 hungry ghosts (D:8)
  2 basilisks
  Menkaure (D:5)
  13 wargs
  A mottled dragon (D:14)
  11 swamp worms
  4 insubstantial wisps (Swamp:3)
  27 water moccasins
  13 porcupines
  6 ice beasts
  5 sky beasts
  An eye of draining (shapeshifter) (D:15)
  17 orc warriors
  A slave (D:6)
  4 wasps
  7 swamp drakes
  2 black bears
  5 ogres
  18 wolves
  15 crocodiles
  23 centaurs
  2 big kobolds
  39 giant frogs
  A water moccasin zombie (D:10)
  A wyvern zombie (D:14)
  A wyvern skeleton (D:14)
  A water moccasin skeleton (D:8)
  7 scorpions
  13 killer bees
  4 wights (Ossuary)
  5 electric eels
  12 howler monkeys
  9 crimson imps
  3 giant frog zombies
  6 hounds
  17 orc priests
  8 jellies
  47 orc wizards
  5 centaur skeletons
  4 giant frog skeletons
  Jessica (D:3)
  Terence (D:3)
  7 iguanas
  11 worker ants
  19 sheep
  A howler monkey zombie (D:8)
  7 gnolls
  98 river rats
  10 adders
  4 shadow imps
  13 oozes
  An adder zombie (D:9)
  A worm (D:3)
  4 giant geckos
  90 orcs
  3 giant cockroaches
  4 hobgoblins
  11 jackals
  2 quokkas
  A ball python (D:8)
  A ball python skeleton (Ossuary)
  13 bats
  2 giant gecko skeletons
  7 giant newts
  6 goblins
  3 hobgoblin zombies (Ossuary)
  A jackal skeleton (D:8)
  13 kobolds
  An orc skeleton (Ossuary)
  3 orc zombies
  A quokka zombie (D:5)
  6 rats
  A rat zombie (D:6)
  3 fungi (Lair:8)
  12 plants
  4 toadstools (D:1)
1086 creatures vanquished.

Vanquished Creatures (others)
  A vault guard (D:13)
  A hydra (Lair:3)
  The ghost of manyhoops the Cleaver, a novice HOFi of Beogh (D:9)
  An alligator (Swamp:2)
  A death yak (Lair:6)
  The ghost of MirrMurr the Grappler, a novice TrHu of Trog (D:7)
  A komodo dragon (Lair:8)
  A troll (D:6)
  A bog body (Swamp:1)
  A boulder beetle (Lair:8)
  A shadow (Swamp:4)
  2 yaks
  A vampire mosquito (Swamp:3)
  An orc warrior (Orc:2)
  A phantom (D:7)
  A centaur (D:11)
  A giant frog (Lair:8)
  A howler monkey (D:12)
  2 orc wizards (Orc:2)
  3 orcs
  A bush (Lair:6)
  32 fungi
  32 plants
89 creatures vanquished.

Grand Total: 1175 creatures vanquished

Notes
Turn   | Place    | Note
--------------------------------------------------------------
     0 | D:1      | manyhoops the Hill Orc Fighter began the quest for the Orb.
     0 | D:1      | Reached XP level 1. HP: 19/19 MP: 1/1
   284 | D:1      | Reached XP level 2. HP: 26/27 MP: 2/2
   591 | D:2      | Reached skill level 3 in Axes
   631 | D:2      | Found a shadowy altar of Dithmenos.
   665 | D:2      | Reached XP level 3. HP: 33/33 MP: 3/3
   919 | D:2      | Found a shimmering altar of Xom.
   919 | D:2      | Found a basalt altar of Yredelemnul.
   953 | D:2      | Found an opulent altar of Gozag.
  1113 | D:3      | Found a faded altar to an unknown god.
  1174 | D:3      | Became a worshipper of Ru the Awakened
  1181 | D:3      | Gained mutation: You cannot study or cast Earth magic. [Ru sacrifice]
  1181 | D:3      | Gained mutation: You cannot study or cast Transmutations magic. [Ru sacrifice]
  1181 | D:3      | Gained mutation: You cannot study or cast Charms magic. [Ru sacrifice]
  1181 | D:3      | Reached * piety under Ru
  1198 | D:3      | Noticed Terence
  1222 | D:3      | Reached skill level 4 in Axes
  1222 | D:3      | Reached XP level 4. HP: 32/41 MP: 4/4
  1374 | D:3      | Killed Terence
  1374 | D:3      | Reached XP level 5. HP: 47/47 MP: 5/5
  1492 | D:3      | Noticed Sigmund
  1503 | D:3      | Killed Sigmund
  1503 | D:3      | Reached skill level 5 in Fighting
  1503 | D:3      | Reached skill level 5 in Axes
  1503 | D:3      | Reached XP level 6. HP: 56/56 MP: 6/6
  1629 | D:3      | Found a sparkling altar of Nemelex Xobeh.
  1707 | D:3      | Reached skill level 6 in Axes
  1707 | D:3      | Reached skill level 5 in Armour
  1736 | D:3      | Noticed Jessica
  1743 | D:3      | Killed Jessica
  2263 | D:4      | Found an oddly glowing altar of Pakellas.
  2563 | D:4      | Reached XP level 7. HP: 62/62 MP: 7/7
  2878 | D:4      | Found a radiant altar of Vehumet.
  2960 | D:5      | Entered Level 5 of the Dungeon
  3071 | D:5      | Noticed Prince Ribbit
  3137 | D:4      | Reached skill level 7 in Axes
  3191 | D:5      | Found a staircase to the Ecumenical Temple.
  3379 | D:5      | Reached skill level 8 in Axes
  3404 | D:5      | Reached XP level 8. HP: 58/71 MP: 8/8
  3477 | D:5      | Gained mutation: You cannot be stealthy. [Ru sacrifice]
  3477 | D:5      | Reached ** piety under Ru
  3559 | D:5      | Noticed Menkaure
  3806 | D:5      | Killed Menkaure
  3806 | D:5      | Reached skill level 9 in Axes
  4189 | D:6      | Noticed a troll
  4273 | D:6      | Found Uwkocsuyr's Magic Scroll Shop.
  4304 | D:5      | Reached skill level 10 in Axes
  4610 | D:6      | Killed a troll
  4615 | D:6      | Reached XP level 9. HP: 62/79 MP: 9/9
  4656 | D:6      | Noticed Pikel
  4664 | D:6      | Killed Pikel
  4664 | D:6      | Reached skill level 11 in Axes
  4691 | D:6      | Found a sand-covered staircase.
  4703 | Ossuary  | Entered an ossuary
  4715 | Ossuary  | Noticed M4edhros's ghost (amateur MiBe)
  4738 | Ossuary  | Killed M4edhros's ghost
  4790 | Ossuary  | Reached skill level 1 in Evocations
  4859 | Ossuary  | Reached skill level 12 in Axes
  5044 | D:6      | Bought a scroll of enchant armour for 97 gold pieces
  5044 | D:6      | Bought a scroll of teleportation for 39 gold pieces
  5044 | D:6      | Bought 2 scrolls of identify for 52 gold pieces
  5044 | D:6      | Bought a scroll of enchant armour for 97 gold pieces
  5618 | D:6      | Reached XP level 10. HP: 79/90 MP: 10/10
  5716 | D:7      | Gained mutation: Your magical capacity is low (-10% MP). [Ru sacrifice]
  5812 | D:7      | Noticed MirrMurr's ghost (novice TrHu)
  5822 | D:7      | Killed MirrMurr's ghost
  5822 | D:7      | Reached skill level 13 in Axes
  5934 | D:7      | Found a glowing golden altar of the Shining One.
  6948 | D:8      | Noticed Maurice
  6959 | D:8      | Noticed Gastronok
  7027 | D:8      | Killed Maurice
  7027 | D:8      | Reached skill level 14 in Axes
  7096 | D:8      | Killed Gastronok
  7096 | D:8      | Reached skill level 15 in Axes
  7096 | D:8      | Reached XP level 11. HP: 43/99 MP: 10/10
  7327 | D:8      | Noticed Grum
  7337 | D:8      | Killed Grum
  7645 | D:8      | Found a staircase to the Lair.
  7770 | D:8      | Reached skill level 10 in Fighting
  7834 | D:9      | Gained mutation: You are agile. (Dex +2) [potion of beneficial mutation]
  7890 | D:9      | Found an iron altar of Okawaru.
  7912 | D:9      | Gained mutation: You have somewhat slow reflexes. (EV -3) [Ru sacrifice]
  7912 | D:9      | Reached *** piety under Ru
  7918 | D:9      | Noticed manyhoops's ghost (novice HOFi)
  7966 | D:9      | Killed manyhoops's ghost
  7966 | D:9      | Reached skill level 16 in Axes
  8820 | D:10     | Entered Level 10 of the Dungeon
  8856 | D:10     | Noticed Erica
  8881 | D:10     | Killed Erica
  8911 | D:10     | Found a staircase to the Orcish Mines.
  9327 | D:10     | Reached skill level 17 in Axes
  9353 | D:10     | HP: 5/101 [poisoned by a killer bee]
  9358 | D:10     | HP: 4/101 [poisoned by a killer bee]
  9363 | D:10     | HP: 2/101 [poisoned by a killer bee]
  9369 | D:10     | HP: 2/101 [poisoned by a killer bee]
  9377 | D:10     | HP: 2/101 [poisoned by a killer bee]
  9823 | D:10     | Reached skill level 10 in Armour
  9984 | D:10     | Noticed Josephine
 10001 | D:10     | Killed Josephine
 10106 | D:10     | Found Kitytu's Assorted Antiques.
 10109 | D:10     | Bought a scroll labeled FOSAUPR RYIPEM for 30 gold pieces
 10109 | D:10     | Bought a scroll of identify for 60 gold pieces
 10144 | D:10     | Noticed Nergalle
 10270 | Orc:1    | Entered Level 1 of the Orcish Mines
 10290 | Orc:2    | Entered Level 2 of the Orcish Mines
 10357 | Orc:1    | Reached XP level 12. HP: 80/108 MP: 11/11
 10830 | Orc:2    | Gained mutation: You have slow reflexes. (EV -6) [Ru sacrifice]
 10830 | Orc:2    | Reached **** piety under Ru
 11167 | Orc:2    | Reached skill level 18 in Axes
 11400 | Orc:2    | Found Vichigewn's Book Shoppe.
 11400 | Orc:2    | Found Sewamokh's Weapon Shop.
 11463 | Orc:2    | Found a roughly hewn altar of Beogh.
 11729 | Orc:2    | Noticed a soul eater
 11747 | Orc:2    | Found a staircase to the Elven Halls.
 12199 | D:10     | Killed Nergalle
 12569 | D:11     | Found Dyenoum's Antique Weapon Emporium.
 12710 | D:11     | Reached skill level 19 in Axes
 12819 | D:11     | Gained mutation: You cannot train Dodging skill. [Ru sacrifice]
 12819 | D:11     | Reached ***** piety under Ru
 13551 | D:11     | Found a deep blue altar of Sif Muna.
 14026 | Lair:1   | Entered Level 1 of the Lair of Beasts
 14052 | Lair:1   | Found a dark tunnel.
 14075 | Lair:1   | Reached XP level 13. HP: 93/118 MP: 12/12
 14084 | Volcano  | Entered a volcano
 15885 | Lair:1   | Reached skill level 20 in Axes
 16251 | Lair:1   | Gained mutation: You have very slow reflexes. (EV -9) [Ru sacrifice]
 16996 | Lair:2   | Identified a scroll of acquirement
 17867 | Lair:3   | Noticed Urug
 18018 | Lair:3   | Killed Urug
 18509 | Lair:3   | Lost mutation: You are agile. (Dex +2) [Ru sacrifice]
 18509 | Lair:3   | Gained mutation: You are clumsy. (Dex -2) [Ru sacrifice]
 18509 | Lair:3   | Reached ****** piety under Ru
 19345 | Lair:4   | Reached skill level 21 in Axes
 19910 | Lair:4   | Reached XP level 14. HP: 81/129 MP: 13/13
 21011 | Lair:5   | Noticed WereVolvo's ghost (journeyman DrTm)
 21024 | Lair:5   | Killed WereVolvo's ghost
 22961 | Lair:6   | Found a staircase to the Snake Pit.
 23132 | Lair:6   | Reached skill level 22 in Axes
 23416 | Lair:6   | Noticed a dire elephant
 23429 | Lair:6   | Killed a dire elephant
 24166 | Lair:6   | Found a staircase to the Swamp.
 24290 | Lair:6   | Noticed Maud
 24300 | Lair:6   | Killed Maud
 25209 | Lair:7   | Found a runed door.
 25214 | Lair:7   | Found a viscous altar of Jiyva.
 25492 | Lair:7   | Reached skill level 23 in Axes
 25746 | Lair:7   | Reached XP level 15. HP: 116/138 MP: 14/14
 26333 | Lair:7   | Found a staircase to the Slime Pits.
 26700 | Lair:8   | Entered Level 8 of the Lair of Beasts
 26707 | Lair:7   | Reached skill level 15 in Fighting
 29394 | Orc:2    | Found Emnal's Food Shoppe.
 29394 | Orc:2    | Found Ciasoufoj's Assorted Antiques.
 29414 | Orc:2    | Bought a scroll of teleportation for 90 gold pieces
 29420 | Orc:2    | Bought 3 scrolls of identify for 180 gold pieces
 29444 | Orc:2    | Paralysed by an orc sorcerer for 2 turns
 29476 | Orc:2    | Found Anucwugu's Weapon Emporium.
 30330 | Orc:2    | Paralysed by an orc sorcerer for 4 turns
 31392 | D:12     | Noticed Erolcha
 31607 | D:12     | Killed Erolcha
 32348 | D:13     | Reached XP level 16. HP: 110/152 MP: 15/15
 32961 | D:13     | Reached skill level 15 in Armour
 32963 | D:13     | Found a gate to the Vaults.
 34412 | D:15     | Entered Level 15 of the Dungeon
 34532 | D:15     | Noticed Rupert
 35487 | D:15     | Found a staircase to the Depths.
 35694 | D:15     | Paralysed by Rupert for 3 turns
 35710 | D:15     | Killed Rupert
 37753 | Swamp:1  | Entered Level 1 of the Swamp
 38793 | Swamp:1  | Reached XP level 17. HP: 142/168 MP: 15/15
 40605 | Swamp:3  | Paralysed by a hornet for 2 turns
 40825 | Swamp:4  | Entered Level 4 of the Swamp
 41598 | Swamp:3  | Slain by a thorn hunter

Skill      XL: |  1  2  3  4  5  6  7  8  9 10 11 12 13 14 15 16 17 |
---------------+----------------------------------------------------+-----
Fighting       | 4 5 6 7 8 9 10 12 13 14 16 19 | 19.6
Axes           | 3 4 5 6 8 10 12 15 17 19 21 23 | 23.0
Armour         | 4 5 6 7 8 9 10 11 12 14 16 17 | 17.0
Evocations     | 1 |  1.0
Shields        | |  3.2

Action                   |  1- 3 |  4- 6 |  7- 9 | 10-12 | 13-15 | 16-18 || total
-------------------------+-------+-------+-------+-------+-------+-------++-------
Melee: War axe           |    86 |   111 |   155 |       |       |       ||   352
       Battleaxe         |       |       |    65 |   894 |  1578 |   765 ||  3302
       Hand axe          |       |       |       |       |    67 |    80 ||   147
Invok: Sacrifice Arcana  |     1 |       |       |       |       |       ||     1
       Sacrifice Stealth |       |       |     1 |       |       |       ||     1
       Sacrifice Essence |       |       |       |     1 |       |       ||     1
       Sacrifice Health  |       |       |       |     2 |     1 |       ||     3
       Power Leap        |       |       |       |     1 |       |       ||     1
       Sacrifice Nimblen |       |       |       |     1 |       |       ||     1
       Sacrifice Purity  |       |       |       |       |     1 |       ||     1
       Apocalypse        |       |       |       |       |       |     1 ||     1
Evoke: Wand              |       |       |     5 |     7 |     2 |     3 ||    17
  Use: Scroll            |     4 |     9 |     8 |     6 |    19 |     6 ||    52
       Potion            |       |     3 |     3 |     6 |     4 |     3 ||    19
 Stab: Distracted        |       |     2 |       |     4 |     9 |     4 ||    19
       Invisible         |       |       |       |    15 |    30 |    15 ||    60
       Paralysed         |       |       |       |     2 |    28 |    19 ||    49
       Confused          |       |       |       |       |       |     1 ||     1
  Eat: Meat ration       |       |     1 |       |       |       |       ||     1
       Chunk             |       |     7 |    15 |    37 |    67 |    20 ||   146
       Beef jerky        |       |       |       |       |     1 |       ||     1
       Bread ration      |       |       |       |       |     1 |     1 ||     2
Armor: Scale mail        |    60 |    52 |       |       |       |       ||   112
       Skin              |       |    18 |       |       |    12 |       ||    30
       Chain mail        |       |       |   146 |       |       |       ||   146
       Plate armour      |       |       |     8 |   585 |  1250 |   619 ||  2462
Dodge: Dodged            |    68 |    52 |    86 |   130 |    44 |    21 ||   401
